 Dungeon Crawl Stone Soup version 0.26.0-10-g1f06aea511 (webtiles) character file.

Game seed: 6844303028205420131

3 sanka the Magician (level 1, 0/13 HPs)
             Began as a Barachi Hedge Wizard on Jan 22, 2021.
             Slain by a kobold (1 damage)
             ... on level 1 of the Dungeon.
             The game lasted 00:00:20 (149 turns).

sanka the Magician (Barachi Hedge Wizard)            Turns: 149, Time: 00:00:20

Health: 0/13       AC:  2    Str: 11    XL:     1   Next: 50%
Magic:  0/5        EV: 12    Int: 14    God:
Gold:   29         SH:  0    Dex: 11    Spells: 6/7 levels left

rFire    . . .     SeeInvis .   a - +0 dagger
rCold    . . .     Faith    .   (no shield)
rNeg     . . .     Spirit   .   b - +0 robe
rPois    .         Reflect  .   c - +0 hat
rElec    .         Harm     .   (no cloak)
rCorr    .         Rampage  .   (no gloves)
Will     .....                  (no boots)
Stlth    ++........             (no amulet)
HPRegen  0.04/turn              (no ring)
MPRegen  0.09/turn              (no ring)

@: slow
A: +LOS, swims, slowness 1, strong legs 1
a: Hop


You were on level 1 of the Dungeon.
You visited 1 branch of the dungeon, and saw 1 of its levels.

You collected 29 gold pieces.


Innate Abilities, Weirdness & Mutations

You can be seen from farther away. (+LOS)
You can swim through water.
You cover ground slowly.
You can hop short distances.


   Skills:
 - Level 2.1 Dodging
 - Level 1.7 Stealth
 + Level 3.5 Spellcasting
 - Level 1.1 Conjurations
 - Level 1.2 Summonings
 - Level 1.1 Translocations


You had 6 spell levels left.
You knew the following spells:

 Your Spells              Type           Power        Failure   Level
z - Magic Dart            Conj           20%          13%         1

Your spell library contained the following spells:

 Spells                   Type           Power        Failure   Level
 Call Imp                 Summ           5%           19%         2
 Blink                    Tloc           N/A          21%         2
 Slow                     Hex            2%           30%         2
 Conjure Flame            Conj/Fire      4%           43%         3
 Mephitic Cloud           Conj/Pois/Air  3%           47%         3

Inventory:

Hand Weapons
 a - a +0 dagger (weapon)
Armour
 b - a +0 robe (worn)
 c - a +0 hat (worn)
Potions
 d - a potion of curing {unknown}
 e - a potion of degeneration {unknown}

Dungeon Overview and Level Annotations

Branches:
Dungeon (1/15)

Altars:

..▒▒▒▒▒......▒▒▒▒▒▒▒▒▒ ▒
..▒...▒..............▒▒ ▒.
▒.▒.▒.▒......▒▒▒▒▒.▒..▒▒
▒.▒▒▒▒▒▒▒.▒.▒.▒......▒▒▒▒▒.....▒
▒.........▒.▒.▒......▒.....▒.▒.▒
........▒.▒.▒.▒.▒▒▒.▒▒.........▒▒
▒.........▒...▒.▒ ▒.▒▒.[...▒.▒...
▒...▒.▒.▒.▒.▒.▒▒▒.▒.........)..
..▒............KF...▒....▒.......
...)..▒.▒.▒...▒.▒▒▒▒▒▒▒..▒▒▒▒....
......▒..)......▒▒▒▒<.▒▒▒.▒▒ ▒▒▒▒
▒.▒▒▒.▒▒▒▒▒▒▒.▒▒▒▒8▒▒...▒▒.▒▒ .
... ▒.▒▒▒...▒▒▒▒.▒▒.▒▒ ...
▒.▒▒.▒▒▒...▒▒.▒▒.▒ .....
▒.▒▒.▒8▒▒▒..▒▒.▒.▒ .....
▒.▒▒.▒....▒▒.▒.▒.▒▒ ▒.▒....
▒.▒8.▒.▒▒.8▒.▒.▒.8▒


You could see a kobold.


Message History

You closely miss the kobold. The kobold hits you.
You hit the kobold but do no damage. The kobold hits you but does no damage.
You hit the kobold but do no damage. The kobold closely misses you.
Your magical contamination has completely faded away.
You hit the kobold but do no damage. The kobold closely misses you.
You closely miss the kobold. The kobold misses you.
You hit the kobold but do no damage. The kobold closely misses you.
Aiming: Magic Dart (safe; 13% risk of failure)
Aim: a kobold, wearing a cursed +0 chain mail (0% to evade)
The magic dart hits the kobold.
The kobold is heavily wounded.
The kobold hits you.
You closely miss the kobold.
The kobold is heavily wounded.
The kobold hits you.
* * * LOW HITPOINT WARNING * * *
You hit the kobold but do no damage.
The kobold is heavily wounded.
The kobold hits you.
* * * LOW HITPOINT WARNING * * *
You hit the kobold.
The kobold is severely wounded.
The kobold hits you.
You die...

Action                   || total
-------------------------++-------
Melee: Dagger            ||    12
 Cast: Magic Dart        ||     7
Armor: Robe              ||     1
Dodge: Dodged            ||     6

Levels and vault maps discovered:
D:1:      nagdon_arrival_double_spiral, layout_basic, glass_columns_a

Notes
Turn   | Place    | Note
-------+----------+-------------------------------------------
     0 | D:1      | sanka the Barachi Hedge Wizard began the quest for the Orb.
     0 | D:1      | Reached XP level 1. HP: 13/13 MP: 4/4
   148 | D:1      | HP: 1/13 [kobold (4)]
   149 | D:1      | Slain by a kobold

Vanquished Creatures
  A leopard gecko (D:1)
  A hobgoblin (D:1)
2 creatures vanquished.

Table legend: (Time is in decaauts)
 A = Elapsed time spent in this place.
 B = Non-inter-level travel time spent in this place.
 C = Inter-level travel time spent in this place.
 D = Time resting spent in this place.
 E = Time spent auto-exploring this place.
 F = Levels seen in this place.
 G = Mean time per level.
                   A        B        C        D        E       F      G
               +--------+--------+--------+--------+--------+-----+--------+
         Total |    170 |    170 |      0 |     21 |    112 |   1 |  170.0 |
       Dungeon |    170 |    170 |      0 |     21 |    112 |   1 |  170.0 |
               +--------+--------+--------+--------+--------+-----+--------+

Top non-repeatable levels by time:
     D:1: 170 daAuts
